 Dungeon Crawl Stone Soup version 0.17.1-3-g152610e (webtiles) character file.

70 inmateoo the Insei (level 4, -1/35 HPs)
             Began as a Demonspawn Chaos Knight on Feb 19, 2016.
             Slain by a sixfirhy (7 damage)
             ... summoned by Xom
             ... on level 3 of the Dungeon.
             The game lasted 00:04:28 (1611 turns).

inmateoo the Insei (Demonspawn Chaos Knight)        Turns: 1611, Time: 00:04:28

Health: -1/35      AC:  6    Str: 11    XL:     4   Next: 3%
Magic:  4/4        EV: 11    Int: 11    God:
Gold:   86         SH:  0    Dex: 12    Spells: 0 memorised, 3 levels left

rFire  . . .     SeeInvis .       - Unarmed
rCold  . . .     Clarity  .     (no armour)
rNeg   . . .     SustAt   .     (no shield)
rPois  .         Gourm    .     (no helmet)
rElec  .         Spirit   .     h - +0 cloak
rCorr  .         Warding  .     (no gloves)
rMut   .         Stasis   .     d - +0 pair of boots
MR     .....                    (no amulet)
Stlth  +.........               (no ring)
                                (no ring)

@: very slightly contaminated, heavily drained, not resistant to hostile
enchantments, very unstealthy
A: rough black scales 1, demonic guardian 1, dopey 1, weak 1
a: no special abilities


You were on level 3 of the Dungeon.
You were hungry.

You visited 1 branch of the dungeon, and saw 3 of its levels.

You collected 86 gold pieces.

Inventory:

Armour
 a - a +2 leather armour
 d - a +0 pair of boots (worn)
 h - a +0 cloak (worn)
 n - a cursed +0 scale mail
Scrolls
 c - 2 scrolls of identify
 i - a scroll of blinking
 j - a scroll of recharging {unknown}
 k - a scroll of immolation {unknown}
 l - a scroll of magic mapping {unknown}
Potions
 e - 3 potions of curing
 f - a potion of cure mutation
 g - a potion of heal wounds
Comestibles
 b - a bread ration
 m - a beef jerky


   Skills:
 + Level 3.3(1.5) Fighting
 + Level 2.3(0.6) Armour
 + Level 1.5(0.0) Dodging
 * Level 3.6(1.8) Unarmed Combat


You had 3 spell levels left.
You didn't know any spells.

Dungeon Overview and Level Annotations

Branches:
Dungeon (3/15)

Altars:
Elyvilon


Innate Abilities, Weirdness & Mutations

You are partially covered in rough black scales (AC +4, Dex -1).
A weak demonic guardian rushes to your aid.
You are dopey. (Int -2)
You are weak. (Str -2)


Message History

You are very lightly contaminated with residual magic.
As you read the scroll of blinking, it crumbles to dust.
Your white imp gestures at the hellwing.
The puff of frost hits the hellwing.
You are feeling hungry.
The sixfirhy hits you. The sixfirhy shocks you! The sixfirhy barely misses you.
The sixfirhy completely misses you.
Your white imp barely misses the hellwing.
Your quasit bites the sixfirhy but does no damage.
Your quasit claws the sixfirhy.
Your quasit barely misses the sixfirhy.
Your quasit completely misses the sixfirhy.
Your quasit misses the sixfirhy.
Your quasit closely misses the sixfirhy.
Your quasit misses the sixfirhy.
Your quasit closely misses the sixfirhy.
Your quasit misses the sixfirhy. The sixfirhy hits you!
The sixfirhy shocks you!
* * * LOW HITPOINT WARNING * * *
The sixfirhy hits you!
You die...

♣♣.....♣♣ #.#
♣♣...♣♣ #.#
♣♣..5..♣♣ #.#
♣♣.......♣♣ #.#
♣.5.4≈≈...♣ #.#
♣♣..≈≈≈≈≈..♣♣
♣...≈≈_≈≈...♣
♣♣.4≈≈≈≈≈..♣♣
♣..@≈≈≈...♣
♣♣.......♣♣
♣♣.....♣♣ .
♣♣...♣♣ #
♣♣)....♣♣ #
♣♣.......♣♣ # ##
♣...≈≈≈...♣ #
####.##..≈≈≈≈≈..#
#
).......≈≈♣≈≈..#


You could see a hellwing, a sixfirhy, a friendly quasit and a friendly white
imp.

Vanquished Creatures
  Natasha (D:2)
  An adder (D:2)
  A ball python (D:1)
  A bat (D:1)
  2 giant cockroaches
  6 goblins (D:1)
  3 hobgoblins
  2 jackals (D:1)
  3 giant geckos
  3 giant newts
  5 kobolds
  9 rats
37 creatures vanquished.

Vanquished Creatures (collateral kills)
  Natasha (D:2)
1 creature vanquished.

Grand Total: 38 creatures vanquished

Notes
Turn   | Place    | Note
--------------------------------------------------------------
     0 | D:1      | inmateoo the Demonspawn Chaos Knight began the quest for the Orb.
     0 | D:1      | Reached XP level 1. HP: 18/18 MP: 1/1
     0 | D:1      | Fell from the grace of Xom
    47 | D:1      | Reached skill level 1 in Dodging
   162 | D:1      | Gained mutation: A weak demonic guardian rushes to your aid. [demonic ancestry]
   162 | D:1      | Reached XP level 2. HP: 18/24 MP: 2/2
   445 | D:1      | XOM: give mutations
   445 | D:1      | Gained mutation: You are dopey. (Int -2) [Xom's mischief]
   445 | D:1      | Gained mutation: You are weak. (Str -2) [Xom's mischief]
   751 | D:1      | XOM: draining
   918 | D:2      | Noticed Natasha
   925 | D:2      | Killed Natasha
   925 | D:2      | Gained mutation: You are partially covered in rough black scales (AC +4, Dex -1). [demonic ancestry]
   925 | D:2      | Reached XP level 3. HP: 20/29 MP: 3/3
  1115 | D:2      | XOM: summons 9 hostile demons
  1116 | D:2      | Noticed an orange demon
  1116 | D:2      | Noticed an orange demon
  1116 | D:2      | Noticed an orange demon
  1209 | D:2      | Noticed Natasha
  1253 | D:2      | Killed Natasha
  1253 | D:2      | Reached XP level 4. HP: 15/35 MP: 4/4
  1298 | D:2      | XOM: medium Ice miscast
  1313 | D:2      | XOM: summons 5 hostile demons
  1314 | D:2      | Noticed a red devil
  1314 | D:2      | Noticed an orange demon
  1314 | D:2      | Noticed an ice devil
  1419 | D:3      | XOM: draining
  1557 | D:3      | Found a white marble altar of Elyvilon.
  1600 | D:3      | XOM: summons 4 hostile demons
  1601 | D:3      | Noticed a smoke demon
  1601 | D:3      | Noticed a chaos spawn
  1601 | D:3      | Noticed a sixfirhy
  1601 | D:3      | Noticed a hellwing
  1611 | D:3      | Slain by a sixfirhy

Action                   |  1- 3 |  4- 6 || total
-------------------------+-------+-------++-------
Melee: Unarmed           |   159 |    10 ||   169
Invok: Renounce Religion |     1 |       ||     1
  Use: Scroll            |     4 |     2 ||     6
  Eat: Chunk             |     1 |     1 ||     2
